 Dungeon Crawl Stone Soup version 0.31-a0-183-g4352c244c2 (webtiles) character file.

Game seed: 13598561987833618387

19409 AvylaarBelgium the Eclecticist (level 12, -9/78 HPs)
             Began as a Deep Elf Conjurer on June 22, 2023.
             Was a Priest of Vehumet.
             Shot with an arrow by Nessos (11 damage)
             ... on level 2 of the Orcish Mines.
             The game lasted 00:35:25 (10993 turns).

AvylaarBelgium the Eclecticist (Deep Elf Conjurer) Turns: 10993, Time: 00:35:25

Health: -9/78      AC:  7    Str:  7    XL:     12   Next: 36%
Magic:  30/33      EV: 15    Int: 29    God:    Vehumet [***...]
Gold:   483        SH:  0    Dex: 13    Spells: 23/41 levels left

rFire   . . .        y - +7 staff of the Meek {protect, meekguard}
rCold   . . .        (shield currently unavailable)
rNeg    + . .        b - +1 robe {Will+}
rPois   +            m - +1 helmet
rElec   .            M - +1 cloak
rCorr   +            (no gloves)
SInv    .            (no boots)
Will    ++...        j - amulet of regeneration
Stlth   ++           h - ring of flight
HPRegen 1.13/turn    C - ring "Fuycrup" {rPois rN+ rCorr Str+3}
MPRegen 0.23/turn

%: no passive effects
@: about to teleport, flying
A: deterioration 1, robust 1
a: Renounce Religion


You were on level 2 of the Orcish Mines.
You worshipped Vehumet.
Vehumet was most pleased with you.
You visited 4 branches of the dungeon, and saw 14 of its levels.

You collected 1325 gold pieces.
You spent 842 gold pieces at shops.

Inventory:

Hand Weapons
 k - the +3 short sword of Fee Simple {heavy, rPois}
   (You found it on level 2 of the Dungeon)

   rPois:     It protects you from poison.
 y - the +7 staff of the Meek (weapon) {protect, meekguard}
   (You found it on level 5 of the Dungeon)
 z - a +3 morningstar of freezing
Armour
 b - a +1 robe of willpower (worn)
 m - a +1 helmet (worn)
 H - a +0 kite shield
 M - a +1 cloak (worn)
Magical Staves
 e - a staff of poison
 g - a staff of fire
 p - a staff of conjuration
 O - a staff of air
Jewellery
 h - a ring of flight (left hand)
 j - an amulet of regeneration (around neck)
 l - an amulet of magic regeneration
 A - a ring of ice
 C - the ring "Fuycrup" (right hand) {rPois rN+ rCorr Str+3}
   (You bought it in a shop on level 7 of the Dungeon)

   [ring of poison resistance]

   Str:       It affects your strength (+3).
   rPois:     It protects you from poison.
   rN:        It protects you from negative energy.
   rCorr:     It protects you from acid and corrosion.
 J - a ring of positive energy
 K - a +6 ring of intelligence
Wands
 s - a wand of iceblast (24)
 E - a wand of flame (40)
 I - a wand of paralysis (3)
 N - a wand of acid (5)
Scrolls
 a - a scroll of identify
 c - 5 scrolls of enchant armour
 d - 2 scrolls of teleportation
 o - 3 scrolls of blinking {unknown}
 u - a scroll of fear {unknown}
 x - a scroll of fog {unknown}
 B - a scroll of immolation {unknown}
 D - 2 scrolls of amnesia {unknown}
 F - a scroll of enchant weapon {unknown}
 G - 2 scrolls of vulnerability {unknown}
Potions
 f - 2 potions of brilliance
 i - a potion of heal wounds {unknown}
 n - 3 potions of curing
 q - a potion of berserk rage
 r - a potion of mutation
 t - 2 potions of might
 v - 2 potions of ambrosia
 w - a potion of degeneration {unknown}
 L - a potion of invisibility {unknown}


   Skills:
 * Level 6.4 Fighting
 + Level 7.0 Dodging
 - Level 2.4 Stealth
 - Level 15.2 Spellcasting
 - Level 13.4 Conjurations
 - Level 7.7 Hexes
 + Level 5.9 Ice Magic


You had 23 spell levels left.
You knew the following spells:

 Your Spells              Type           Power      Damage    Failure   Level
a - Magic Dart            Conj           100%       1d8       0%          1
b - Searing Ray           Conj           100%       2d8       0%          2
c - Fulminant Prism       Conj/Hex       35%        3d17      1%          4
d - Iskenderun's Mystic   Conj/Tloc      57%        2d12      1%          4
e - Summon Ice Beast      Ice/Summ       39%        N/A       6%          4
f - Swiftness             Air            22%        N/A       7%          3

Your spell library contained the following spells:

 Spells                   Type           Power      Damage    Failure   Level
 Sticky Flame             Conj/Fire      57%        2d7       1%          4
 Ensorcelled Hibernation  Hex/Ice        100%       N/A       1%          2
 Dazzling Flash           Conj/Hex       100%       N/A       1%          3
 Frozen Ramparts          Ice            100%       1d16      1%          3
 Ozocubu's Armour         Ice            54%        N/A       1%          3
 Portal Projectile        Hex/Tloc       88%        N/A       1%          3
 Passwall                 Tmut/Erth      18%        N/A       3%          2
 Leda's Liquefaction      Hex/Erth       22%        N/A       4%          4
 Ice Form                 Ice/Tmut       39%        N/A       6%          4
 Call Canine Familiar     Summ           22%        N/A       7%          3
 Ozocubu's Refrigeration  Ice            27%        4d13      38%         7
 Chain Lightning          Conj/Air       28%        3d38      100%        9
 Fire Storm               Conj/Fire      28%        8d7       100%        9
 Shatter                  Erth           11%        3d12*     100%        9


Dungeon Overview and Level Annotations

Branches:
Dungeon (10/15)            Temple (1/1) D:5            Lair (1/5) D:8
    Orc (2/2) D:10            Elf (0/3) Orc:2

Altars:
Ashenzari
Cheibriados
Dithmenos
Elyvilon
Fedhas
Gozag
Hepliaklqana
Kikubaaqudgha
Makhleb
Nemelex Xobeh
Okawaru
Qazlal
Ru
Sif Muna
Trog
Uskayaw
Vehumet
Wu Jian
Xom
Yredelemnul
Zin
The Shining One

Shops:
D:7 *=   Orc:2 :*

Annotations:
D:2 1 runed translucent door, Crazy Yiuf
D:3 3 runed translucent doors, niknal's ghost, amateur FoFi
D:7 2 transporters, exclusion: 2 downstairs, Grum; ciphuk's ghost, novice OpTm
Lair:1 Amaemon
Orc:1 exclusion: 2 downstairs
Orc:2 Nessos


Innate Abilities, Weirdness & Mutations

Your body sometimes deteriorates upon taking damage.
You are robust. (+10% HP)


Message History

There is a stone staircase leading up here.
You now have 483 gold pieces (gained 25).
Nessos the Markscentaur comes into view.
They are wearing a +2 barding of fire resistance.
Nessos shouts!
You hear a shout! x2
Nessos wields a +1 longbow of flaming.
It bursts into flame!
Nessos shoots an arrow.
The arrow hits you! The arrow burns you.
You are poisoned.
Casting: Fulminant Prism (safe; 1% risk of failure)
Confirm with . or Enter, or press ? or * to list all spells.
Aiming: Fulminant Prism (safe; 1% risk of failure)
Press: ? - help, Dir - move target You conjure a prism of explosive energy!
A fulminant prism comes into view.
You feel very sick.
You feel very sick.
Nessos shoots an arrow.
The arrow hits your fulminant prism!! The arrow burns your fulminant prism.
Your fulminant prism detonates feebly.
Nessos shoots an arrow.
The arrow hits you! The arrow burns you!
Okay, then.
Unknown command.
Okay, then.
Unknown command.
As you read the scroll of teleportation, it crumbles to dust.
You feel strangely unstable.
You feel sick.
Nessos shoots an arrow.
The arrow hits you!!
* * * LOW HITPOINT WARNING * * *
The arrow burns you.
You are lethally poisoned!
* * * LOW HITPOINT WARNING * * *
You feel better.
An orc comes into view. It is wielding a +0 club.
Nessos casts a spell.
Nessos blinks!
Unknown command. 2 orcs come into view.
Nessos shoots an arrow.
The arrow hits you!!
* * * LOW HITPOINT WARNING * * *
The arrow burns you!
You die...

####..#... .....#.
##...##.. o....o..
##.#...... .....#...#
####......... ....o#.#..##
##.###........
.....c.....###...##........
...........#.##..........#.
......##......#......##.###
..........@...#...#...#####
.................###...# #.
...........##.#.## ##.## #.
.###.#.#.####### ### ## #
##### #


You could see Nessos and 3 orcs.

Vanquished Creatures
  Rupert (Orc:2)
  2 ogre magi (Orc:2)
  8 two-headed ogres
  2 orc knights (Orc:1)
  4 orc sorcerers
  Maurice (D:8)
  A kobold demonologist (D:10)
  3 slime creatures (D:5)
  2 wyverns
  4 yaks (D:9)
  2 steam dragons (D:8)
  5 wargs
  A water moccasin (D:6)
  An acid dragon (D:10)
  2 black bears
  13 orc warriors
  An ice beast (D:7)
  A sky beast (D:7)
  11 ogres
  A centaur (D:8)
  A phantom (D:5)
  10 kobold brigands
  A gnoll sergeant (D:10)
  6 scorpions
  2 bullfrogs
  7 wights
  15 killer bees
  2 howler monkeys
  A crimson imp (D:7)
  3 hounds
  16 orc priests
  5 jellies
  3 sleepcaps
  3 iguanas
  13 orc wizards
  11 gnolls
  13 adders
  A shadow imp (D:8)
  2 white imps
  2 ufetubi
  3 worms
  2 dart slugs (D:2)
  70 orcs
  16 endoplasms
  3 giant cockroaches
  3 goblins
  3 hobgoblins
  33 kobolds
  5 quokkas
  5 ball pythons
  11 bats
  5 frilled lizards
  8 rats
350 creatures vanquished.

Vanquished Creatures (collateral kills)
  An orc warrior (Orc:1)
  An orc priest (Orc:1)
  An orc (Orc:1)
3 creatures vanquished.

Vanquished Creatures (others)
  A wizard (D:10)
  157 fulminant prisms
158 creatures vanquished.

Grand Total: 511 creatures vanquished

Notes
Turn   | Place    | Note
-------+----------+-------------------------------------------
     0 | D:1      | AvylaarBelgium the Deep Elf Conjurer began the quest for
                  | the Orb.
     0 | D:1      | Reached XP level 1. HP: 10/10 MP: 6/6
   201 | D:1      | Reached XP level 2. HP: 15/15 MP: 5/8
   541 | D:2      | Reached skill level 4 in Spellcasting
   601 | D:2      | Reached skill level 5 in Conjurations
   642 | D:2      | Reached XP level 3. HP: 19/19 MP: 8/10
   760 | D:2      | Identified the +3 short sword of Fee Simple {heavy, rPois}
   911 | D:2      | Found a runed translucent door.
   912 | D:2      | Noticed Crazy Yiuf
   963 | D:2      | You are sucked into a shaft and drop 2 floors!
  1045 | D:4      | Reached XP level 4. HP: 24/24 MP: 7/12
  1101 | D:3      | Reached skill level 5 in Spellcasting
  1104 | D:3      | Learned a level 2 spell: Searing Ray
  1109 | D:3      | Learned a level 4 spell: Fulminant Prism
  1165 | D:3      | Found a runed translucent gate.
  1166 | D:3      | Found a runed translucent gate.
  1167 | D:3      | Found a runed translucent gate.
  1168 | D:3      | Noticed niknal's ghost (amateur FoFi)
  1282 | D:3      | Found an ancient bone altar of Kikubaaqudgha.
  1422 | D:3      | Reached XP level 5. HP: 23/28 MP: 8/14
  1808 | D:2      | Found a broken altar of Ashenzari.
  2218 | D:4      | Reached skill level 1 in Hexes
  2535 | D:4      | Reached skill level 6 in Spellcasting
  2543 | D:4      | Reached XP level 6. HP: 31/32 MP: 3/17
  2961 | D:5      | Entered Level 5 of the Dungeon
  3118 | D:5      | Found the +7 staff of the Meek {protect, meekguard}
  3123 | D:5      | Noticed an orc warrior
  3284 | D:5      | Reached XP level 7. HP: 34/36 MP: 11/19
  3399 | D:5      | Reached skill level 7 in Spellcasting
  3546 | D:5      | Found a staircase to the Ecumenical Temple.
  3587 | Temple   | Entered the Ecumenical Temple
  3654 | D:5      | Reached skill level 5 in Hexes
  3658 | D:5      | Reached skill level 8 in Spellcasting
  3746 | D:5      | Reached XP level 8. HP: 31/41 MP: 11/22
  3820 | D:5      | Noticed a slime creature
  3820 | D:5      | Noticed a slime creature
  3820 | D:5      | Noticed a slime creature
  3837 | D:5      | Killed a slime creature
  3947 | D:5      | Killed a slime creature
  3948 | D:5      | Reached skill level 9 in Spellcasting
  3950 | D:5      | Killed a slime creature
  4492 | D:6      | Reached XP level 9. HP: 45/45 MP: 18/24
  4498 | D:6      | Reached skill level 10 in Spellcasting
  4552 | D:6      | Found a sacrificial altar of Ru.
  5233 | D:7      | Found a broken altar of Ashenzari.
  5488 | D:7      | Reached skill level 11 in Spellcasting
  5501 | D:7      | Reached skill level 10 in Conjurations
  5745 | D:7      | Found an iron altar of Okawaru.
  5817 | D:7      | Found an opulent altar of Gozag.
  5817 | D:7      | Found Gozag's Platinum Reserve.
  5852 | D:7      | Reached skill level 12 in Spellcasting
  5986 | D:7      | Identified the +1 scale mail of Batupa {Will+}
  5986 | D:7      | Noticed Grum
  5993 | D:7      | Found a transporter.
  6003 | D:7      | Noticed ciphuk's ghost (novice OpTm)
  6005 | D:7      | Identified the ring of Atavo {Wiz Fly rElec Str-2 Stlth+}
  6060 | D:7      | Found a transporter.
  6079 | D:7      | Found Rillal's Jewellery Emporium.
  6089 | D:7      | Bought the ring "Fuycrup" {rPois rN+ rCorr Str+3} for 517
                  | gold pieces
  6197 | D:7      | Found a burning altar of Makhleb.
  6300 | D:8      | Found a blossoming altar of Fedhas.
  6365 | D:8      | Reached XP level 10. HP: 50/50 MP: 22/28
  6377 | D:8      | Noticed Maurice
  6399 | D:8      | Found a staircase to the Lair.
  6399 | D:8      | Killed Maurice
  6641 | D:9      | Found a radiant altar of Vehumet.
  6657 | D:9      | Became a worshipper of Vehumet
  6666 | D:9      | Learned a level 4 spell: Iskenderun's Mystic Blast
  6671 | D:9      | Learned a level 4 spell: Summon Ice Beast
  6801 | D:9      | Found a hazy altar of Hepliaklqana.
  6966 | D:9      | Reached skill level 13 in Spellcasting
  7136 | D:9      | Found a sparkling altar of Nemelex Xobeh.
  7217 | D:9      | Noticed a two-headed ogre
  7231 | D:9      | Killed a two-headed ogre
  7374 | D:10     | Entered Level 10 of the Dungeon
  7379 | D:10     | Reached skill level 14 in Spellcasting
  7385 | D:10     | Learned a level 3 spell: Swiftness
  7506 | D:10     | Reached * piety under Vehumet
  7506 | D:10     | Offered knowledge of Shock by Vehumet.
  7630 | D:10     | Found a hide-covered altar of Uskayaw.
  7901 | D:10     | Found a bloodstained altar of Trog.
  7902 | D:10     | Noticed a wizard
  7909 | D:10     | Killed a wizard
  7959 | D:10     | Found a white marble altar of Elyvilon.
  8403 | D:10     | Found a staircase to the Orcish Mines.
  8733 | D:8      | Found the +11 Singing Sword {sonic wave}
  9052 | Lair:1   | Entered Level 1 of the Lair of Beasts
  9052 | Lair:1   | Noticed Amaemon
  9052 | Lair:1   | Noticed an orange demon
  9136 | Orc:1    | Entered Level 1 of the Orcish Mines
  9137 | Orc:1    | Noticed a two-headed ogre
  9140 | Orc:1    | Reached XP level 11. HP: 54/54 MP: 28/31
  9143 | Orc:1    | Noticed an orc sorcerer
  9144 | Orc:1    | Noticed an orc knight
  9144 | Orc:1    | Noticed an orc sorcerer
  9145 | Orc:1    | Reached ** piety under Vehumet
  9145 | Orc:1    | Offered knowledge of Sandblast by Vehumet.
  9149 | Orc:1    | Killed an orc sorcerer
  9150 | Orc:1    | Reached skill level 15 in Spellcasting
  9160 | Orc:1    | Killed a two-headed ogre
  9161 | Orc:1    | Gained mutation: Your body sometimes deteriorates upon
                  | taking damage. [potion of mutation]
  9161 | Orc:1    | Gained mutation: You are robust. (+10% HP) [potion of
                  | mutation]
  9171 | Orc:2    | Entered Level 2 of the Orcish Mines
  9179 | Orc:2    | Noticed an orc sorcerer
  9190 | Orc:2    | Noticed a two-headed ogre
  9257 | Orc:1    | Noticed an orc knight
  9284 | Orc:1    | Noticed an orc sorcerer
  9392 | Orc:1    | Offered knowledge of Inner Flame by Vehumet.
  9396 | Orc:1    | Killed an orc sorcerer
  9397 | Orc:1    | Reached skill level 1 in Fighting
  9397 | Orc:1    | Reached skill level 1 in Ice Magic
  9453 | Orc:1    | Killed an orc knight
  9569 | Orc:1    | Reached *** piety under Vehumet
  9732 | Orc:1    | Killed an orc sorcerer
  9747 | Orc:1    | Killed an orc knight
 10088 | Orc:2    | Found Agoptoonn's Assorted Antiques.
 10102 | Orc:2    | Killed an orc sorcerer
 10127 | Orc:2    | Killed a two-headed ogre
 10151 | Orc:2    | Noticed Rupert
 10152 | Orc:2    | Offered knowledge of Sticky Flame by Vehumet.
 10153 | Orc:2    | Reached skill level 5 in Dodging
 10374 | Orc:2    | Killed Rupert
 10502 | Orc:2    | Found Zoxucurch's Book Emporium.
 10505 | Orc:2    | Bought a potion of curing for 78 gold pieces
 10505 | Orc:2    | Bought a scroll of identify for 52 gold pieces
 10505 | Orc:2    | Bought a runed helmet for 195 gold pieces
 10522 | Orc:2    | Found a staircase to the Elven Halls.
 10579 | Orc:2    | Noticed a two-headed ogre
 10579 | Orc:2    | Noticed a two-headed ogre
 10579 | Orc:2    | Noticed a two-headed ogre
 10579 | Orc:2    | Noticed a two-headed ogre
 10581 | Orc:2    | Noticed an ogre mage
 10592 | Orc:2    | Noticed a two-headed ogre
 10592 | Orc:2    | Noticed an ogre mage
 10612 | Orc:2    | Killed a two-headed ogre
 10613 | Orc:2    | Reached skill level 5 in Fighting
 10613 | Orc:2    | Reached XP level 12. HP: 74/74 MP: 14/33
 10615 | Orc:2    | Killed a two-headed ogre
 10618 | Orc:2    | Killed a two-headed ogre
 10619 | Orc:2    | Reached skill level 5 in Ice Magic
 10621 | Orc:2    | Killed a two-headed ogre
 10632 | Orc:2    | Killed an ogre mage
 10741 | Orc:2    | Killed an ogre mage
 10742 | Orc:2    | Noticed a two-headed ogre
 10750 | Orc:2    | Killed a two-headed ogre
 10987 | Orc:2    | Noticed Nessos
 10993 | Orc:2    | HP: 2/78 [Nessos/arrow (23)]
 10993 | Orc:2    | Shot with an arrow by Nessos

Illustrated notes

Levels and vault maps discovered:
D:1:      grunt_arrival_crossed_arrows, layout_basic
D:2:      layout_rooms, basic_altar, item_on_display_b, uniq_crazy_yiuf_cottage
D:3:      layout_basic, lemuel_doored_altar, gammafunk_ghost_necromancy,
          skrybe_limestone_x, minmay_misc_feat_pillars,
          chequers_serial_rivers_small_b
D:4:      minmay_polygon_palace, layout_basic, kennysheep_generic_room_6
D:5:      cheibrodos_fertilizer, layout_basic, minmay_temple_entry_wispy,
          pf_guarded_unrand_meek
D:6:      layout_basic, nicolae_ru_the_path_less_chosen
D:7:      layout_rooms, nicolae_gozag_zags_fifth_avenue, lemuel_crystal_altar,
          makhleb_grotto_becter, lemuel_tele_altar, serial_shops,
          nicolae_shop_just_a_little_nook, gammafunk_ghost_gnarly_gnolls,
          corexii_hall_statues_l
D:8:      old_forge, layout_rooms, lemuel_crystal_altar, lair_entry_dummy,
          uniq_grum, uniq_maurice
D:9:      layout_roguey, lemuel_crystal_altar,
          nemelex_xobeh_ov_fountains_minmay, nicolae_vehumet_radiance
D:10:     layout_basic, nicolae_uskayaw_dance_hall, elyvilon_altar_5,
          trog_wizard, minmay_misc_feat_rugged, minmay_misc_feat_four_crosses
Temple:   hellmonk_temple_rainy
Lair:1:   lemuel_ratsnest, layout_gridlike, fungi_pond_lemuel, uniq_amaemon
Orc:1:    layout_caves, mines_bat_river
Orc:2:    st_orc_ogre_mass, layout_caves, basic_altar, serial_shops,
          bzr_firewalk, nicolae_shop_industrial_runoff,
          nicolae_shop_hallway_stairs, nicolae_shop_bloodbath_and_beyond, shop,
          uniq_rupert, uniq_nessos

Skill      XL: |  1  2  3  4  5  6  7  8  9 10 11 12 |
---------------+-------------------------------------+-----
Spellcasting   | 4 5 6 8 9 12 14 15 | 15.2
Conjurations   | 5 6 7 9 11 13 | 13.4
Hexes          | 2 3 5 7 |  7.7
Fighting       | 5 6 |  6.4
Ice Magic      | 4 5 |  5.9
Dodging        | 5 7 |  7.0
Stealth        | |  2.4

Action                     |  1- 3 |  4- 6 |  7- 9 | 10-12 || total
---------------------------+-------+-------+-------+-------++-------
  Melee: Staff             |       |     3 |     1 |       ||     4
         Punch             |       |       |     1 |       ||     1
         Quarterstaff      |       |       |     3 |     6 ||     9
   Cast: Magic Dart        |    68 |   101 |    76 |    61 ||   306
         Searing Ray       |       |    12 |    24 |    24 ||    60
         Fulminant Prism   |       |     3 |    48 |   107 ||   158
         Iskenderun's Myst |       |       |       |    15 ||    15
         Summon Ice Beast  |       |       |       |     4 ||     4
  Evoke: Wand              |       |       |       |     4 ||     4
    Use: Scroll            |       |       |       |    10 ||    10
         Potion            |       |       |       |     4 ||     4
 Armour: Robe              |       |     5 |     1 |    14 ||    20
  Dodge: Dodged            |     3 |    12 |    26 |    47 ||    88

Table legend: (Time is in decaauts)
 A = Elapsed time spent in this place.
 B = Non-inter-level travel time spent in this place.
 C = Inter-level travel time spent in this place.
 D = Time resting spent in this place.
 E = Time spent auto-exploring this place.
 F = Levels seen in this place.
 G = Mean time per level.
                   A        B        C        D        E       F      G
               +--------+--------+--------+--------+--------+-----+--------+
         Total |  11000 |  10435 |    565 |   2363 |   6030 |  14 |  785.7 |
       Dungeon |   9111 |   8595 |    516 |   1531 |   5584 |  10 |  911.1 |
        Temple |     27 |     27 |      0 |      0 |     10 |   1 |   27.0 |
          Lair |      2 |      2 |      0 |      0 |      0 |   1 |    2.0 |
  Orcish Mines |   1858 |   1811 |     47 |    832 |    436 |   2 |  929.0 |
               +--------+--------+--------+--------+--------+-----+--------+

Top non-repeatable levels by time:
     D:5: 1297 daAuts
     D:7: 1227 daAuts
   Orc:1: 1198 daAuts
    D:10: 1191 daAuts
     D:4: 992 daAuts
     D:6: 923 daAuts
     D:3: 815 daAuts
     D:9: 777 daAuts
     D:8: 734 daAuts
   Orc:2: 659 daAuts
     D:2: 617 daAuts
     D:1: 533 daAuts
  Temple: 27 daAuts
  Lair:1: 2 daAuts
